 Dungeon Crawl Stone Soup version 0.17-a0-989-gada8a91 (webtiles) character file.

111 PhynixH2O the Skirmisher (level 4, -2/37 HPs)
             Began as a Demonspawn Abyssal Knight on May 12, 2015.
             Was a Believer of Lugonu.
             Killed by divine providence
             ... invoked by an orc priest
              (15 damage)
             ... on level 3 of the Dungeon.
             The game lasted 00:29:38 (2890 turns).

PhynixH2O the Skirmisher (DsAK)                     Turns: 2890, Time: 00:29:38

Health: -2/37      AC: 12    Str: 14    XL:     4   Next: 62%
Magic:  6/6        EV:  3    Int: 15    God:    Lugonu [**....]
Gold:   114        SH:  7    Dex: 12    Spells: 0 memorised, 3 levels left

rFire  . . .     SeeInvis .     a - +1 falchion
rCold  . . .     Clarity  .     l - +0 chain mail
rNeg   . . .     SustAb   .     i - +0 shield
rPois  .         Gourm    .     (no helmet)
rElec  .         Spirit   .     (no cloak)
rCorr  .         Warding  .     (no gloves)
rMut   .         Stasis   .     (no boots)
MR     .....                    (no amulet)
Stlth  ..........               (no ring)
                                g - +2 ring of intelligence

@: not resistant to hostile enchantments, extremely unstealthy
A: iridescent scales 1
a: Depart the Abyss, Bend Space, Renounce Religion


You were on level 3 of the Dungeon.
You worshipped Lugonu.
Lugonu was pleased with you.
You were not hungry.

You visited 1 branch of the dungeon, and saw 3 of its levels.
You visited the Abyss 1 time.

You collected 114 gold pieces.

Inventory:

Hand weapons
 a - a +1 falchion (weapon)
Missiles
 d - 40 arrows
 n - 6 javelins (quivered)
Armour
 i - a +0 shield (worn)
 l - a +0 chain mail (worn)
Jewellery
 g - a +2 ring of intelligence (left hand)
 j - an uncursed amulet of warding {unknown}
Scrolls
 b - a scroll of recharging {unknown}
 e - a scroll of immolation {unknown}
 h - 2 scrolls of identify {unknown}
 k - a scroll of remove curse {unknown}
 m - 3 scrolls of teleportation {unknown}
Comestibles
 c - a chunk of flesh
 f - 2 bread rations
 o - a meat ration


   Skills:
 + Level 3.9 Fighting
 + Level 2.8 Long Blades
 * Level 0.3 Throwing
 + Level 2.5 Armour
 + Level 1.3 Dodging
 + Level 2.9 Invocations


You had 3 spell levels left.
You didn't know any spells.

Dungeon Overview and Level Annotations

Branches:
Dungeon (3/15)

Altars:


Innate Abilities, Weirdness & Mutations

You are partially covered in iridescent scales (AC +4).


Message History

You closely miss the orc wizard.
The orc wizard is heavily wounded.
You block the orc wizard's attack. The orc barely misses you.
An adder comes into view.
You closely miss the orc wizard.
The orc wizard is heavily wounded.
The orc hits you but does no damage. The orc wizard hits you with a dagger.
The orc hits you but does no damage. The orc priest hits you.
The orc hits you but does no damage. The orc hits you with a dagger.
The orc wizard hits you but does no damage.
The orc wizard hits you but does no damage.
You hit the orc wizard.
The orc wizard is severely wounded.
The orc wizard casts a spell at you. You block the puff of flame.
The orc priest mumbles some strange prayers to Beogh against you.
Something smites you!
The orc priest invokes the aid of Beogh against you.
Something smites you!
You die...

.... ###.
#...# ....
#...###...#
....
#....##...#
....
#...o##...#
....
#...oo##.##
####
#..o#o##.#
.......#.##.#
.....###..#.#
..... ##@#.#
..S. #.#.#
... #.#.# ###
#.#.# #...#
##..# #.>#
##.# ###.#
#####


You could see an orc priest and 3 orcs.

Vanquished Creatures
  A hound (D:2)
  2 adders
  A worm (D:3)
  3 giant geckos
  A ball python (D:2)
  7 goblins
  9 hobgoblins
  9 kobolds
  5 bats
  3 giant cockroaches (D:1)
  2 giant newts
  5 rats
48 creatures vanquished.

Notes
Turn   | Place    | Note
--------------------------------------------------------------
     0 | Abyss:1  | PhynixH2O the Demonspawn Abyssal Knight began the quest for the Orb.
     0 | Abyss:1  | Reached XP level 1. HP: 18/18 MP: 2/2
     5 | D:1      | Escaped the Abyss
   203 | D:1      | Gained mutation: You are partially covered in iridescent scales (AC +4). [demonic ancestry]
   203 | D:1      | Reached XP level 2. HP: 20/24 MP: 4/4
   417 | D:1      | Reached skill level 1 in Dodging
   946 | D:1      | Acquired Lugonu's second power
  1214 | D:1      | Reached XP level 3. HP: 29/29 MP: 5/5
  2144 | D:2      | HP: 1/29 [hound (2)]
  2152 | D:2      | Reached XP level 4. HP: 1/37 MP: 6/6
  2890 | D:3      | Killed from afar by an orc priest

Vault maps used:
D:1:      denvon_arrival_waterhouse
D:3:      lemuel_crystal_altar, first_bread, gup_sewer_entry_pipe, uniq_jessica

Action                   |  1- 3 |  4- 6 || total
-------------------------+-------+-------++-------
Melee: Falchion          |   155 |    30 ||   185
Throw: Throwing net      |     5 |       ||     5
       Javelin           |       |    12 ||    12
Invok: Bend Space        |     1 |       ||     1
  Use: Potion            |     3 |       ||     3
  Eat: Chunk             |     1 |       ||     1
       Bread ration      |     1 |       ||     1
       Beef jerky        |     1 |       ||     1
